 Dungeon Crawl Stone Soup version 0.29.1-15-g9cfb28693d (webtiles) character file.

Game seed: 18131446480093651310

488 leafyfresh the Covert (level 7, -3/50 HPs)
             Began as an Octopode Delver on Mar 4, 2023.
             Succumbed to a scorpion's poison
             ... on level 5 of the Dungeon.
             The game lasted 00:04:43 (4100 turns).

leafyfresh the Covert (Octopode Delver)             Turns: 4100, Time: 00:04:43

Health: -3/50      AC:  1    Str:  9    XL:     7   Next: 13%
Magic:  7/7        EV: 14    Int: 15    God:
Gold:   357        SH:  0    Dex: 13    Spells: 6/6 levels left

rFire   . . .      SeeInvis .   u - +3 great sword (elec)
rCold   . . .      Faith    .   (shield currently unavailable)
rNeg    . . .      Spirit   .   (helmet restricted)
rPois   .          Reflect  .   (no amulet)
rElec   .          Harm     .   t - ring of wizardry
rCorr   .          Rampage  .   A - ring of flight
Will    .....                   (no ring)
Stlth   +++++.....              (no ring)
HPRegen 0.16/turn               (no ring)
MPRegen 0.10/turn               (no ring)
                                (no ring)
                                (no ring)

@: lethally poisoned (-3 -> -24), flying
A: almost no armour, amphibious, 8 rings, camouflage 1, gelatinous body 1,
(nimble swimmer 1), tentacles, tentacle spike 1, weak 1
a: no special abilities


You were on level 5 of the Dungeon.
You visited 1 branch of the dungeon, and saw 5 of its levels.

You collected 357 gold pieces.

Inventory:

Hand Weapons
 a - a +0 short sword
 u - a +3 great sword of electrocution (weapon)
Missiles
 n - 3 poisoned darts (quivered)
Magical Staves
 g - a staff of death
 y - a staff of fire
Jewellery
 t - a ring of wizardry (left tentacle)
 A - a ring of flight (right tentacle)
Wands
 f - a wand of digging (3)
 i - a wand of mindburst (18)
 o - a wand of roots (1)
 B - a wand of charming (5)
Scrolls
 b - a scroll of fog
 c - 2 scrolls of magic mapping
 h - 3 scrolls of identify
 k - 2 scrolls of fear
 l - a scroll of summoning
 m - a scroll of noise
 q - 4 scrolls of teleportation
 r - 2 scrolls of torment
 C - 4 scrolls of enchant weapon
Potions
 d - 2 potions of attraction {unknown}
 e - 2 potions of haste
 j - 5 potions of heal wounds {unknown}
 p - 3 potions of mutation
 s - a potion of magic {unknown}
 v - a potion of berserk rage {unknown}
 w - a potion of curing {unknown}
 x - a potion of might {unknown}
 z - a potion of degeneration {unknown}


   Skills:
 + Level 5.1 Fighting
 - Level 2.0 Short Blades
 + Level 4.5 Dodging
 + Level 8.9 Stealth


You had 6 spell levels left.
You didn't know any spells.
Your spell library contained the following spells:

 Spells                   Type           Power      Damage    Failure   Level
 Conjure Ball Lightning   Conj/Air       0%         3x3d6     100%        6
 Discord                  Hex            0%         N/A       100%        8
 Disjunction              Tloc           0%         N/A       100%        8


Dungeon Overview and Level Annotations

Branches:
Dungeon (5/15)
 Temple: D:4-7

Altars:
Sif Muna


Innate Abilities, Weirdness & Mutations

You cannot wear most types of armour.
You are amphibious.
You can wear up to eight rings at the same time.
Your skin changes colour to match your surroundings (Stealth+).
Your rubbery body absorbs attacks. (AC +1, EV +1)
((You are camouflaged when in or above water. (Stealth+)))
You have tentacles for arms and can constrict up to eight enemies at once.
One of your tentacles bears a spike.
You are weak. (Str -2)


Message History

You slash the phantom! You squeeze the phantom.
You destroy the phantom!
C - 4 scrolls of enchant weapon (gained 3)
A centaur and a scorpion come into view.
There are monsters nearby!
There are monsters nearby!
The helpless centaur fails to defend itself.
You hit the centaur but do no damage. Your squeeze misses the centaur.
The centaur barely misses you. The centaur kicks you.
The centaur barely misses you. x2
You barely miss the centaur. The centaur hits you. The centaur kicks you.
The centaur hits you. The centaur completely misses you.
The centaur closely misses you. The centaur barely misses you.
You slash the centaur!
The centaur is severely wounded.
The centaur hits you. The centaur closely misses you. x2
The centaur misses you.
You slice the centaur!!
You kill the centaur!
The scorpion stings you.
You are poisoned.
The scorpion poisons you!
Your Fighting skill increases to level 5!
You have reached level 7!
You barely miss the scorpion. Your grab misses the scorpion.
You feel very sick. The scorpion stings you!
* * * LOW HITPOINT WARNING * * *
You completely miss the scorpion. Your grab misses the scorpion.
You feel sick. The scorpion stings you.
* * * LOW HITPOINT WARNING * * *
You are lethally poisoned!
The scorpion poisons you! The scorpion stings you.
* * * LOW HITPOINT WARNING * * *
You are more poisoned.
The scorpion poisons you!
It was a potion of mutation.
You feel extremely strange.
You feel weaker.
One of your lower tentacles grows a sharp spike.
You die...

#.##..##..........#
#
#.##..##..........#
#
#.##..#############
# #.##..# ##
#.##..# #. #.##..#
#. #.##..### #.
#....# #† #.##@# #.
#.##.s.# #. ..
###.... #. ###
##### #. #. +. #.
#. #.


You could see a scorpion.

Vanquished Creatures
  An ogre (D:4)
  A centaur (D:5)
  A phantom (D:5)
  A scorpion (D:5)
  A howler monkey (D:5)
  2 jellies
  4 adders
  2 worms (D:2)
  2 dart slugs
  An orc (D:3)
  8 bats
  5 endoplasms
  4 giant cockroaches
  6 goblins
  3 hobgoblins
  3 jackals (D:5)
  4 kobolds
  2 quokkas
  5 ball pythons
  3 rats
59 creatures vanquished.

Vanquished Creatures (others)
  2 plants (D:3)
2 creatures vanquished.

Grand Total: 61 creatures vanquished

Notes
Turn   | Place    | Note
-------+----------+-------------------------------------------
     0 | D:5      | leafyfresh the Octopode Delver began the quest for the Orb.
     0 | D:5      | Reached XP level 1. HP: 16/16 MP: 1/1
   154 | D:5      | Noticed a howler monkey
   162 | D:5      | Killed a howler monkey
   163 | D:5      | Reached skill level 7 in Stealth
   163 | D:5      | Reached XP level 2. HP: 21/21 MP: 2/2
   163 | D:5      | Reached XP level 3. HP: 26/26 MP: 3/3
   277 | D:5      | Noticed an ogre
   552 | D:4      | Noticed an ogre
   560 | D:4      | Killed an ogre
   561 | D:4      | Reached XP level 4. HP: 33/33 MP: 4/4
   561 | D:4      | Reached XP level 5. HP: 37/37 MP: 5/5
  1129 | D:3      | Reached skill level 8 in Stealth
  1836 | D:2      | Found a shimmering blue altar of Sif Muna.
  1926 | D:2      | You fall into a shaft and drop 1 floor!
  2109 | D:2      | Reached XP level 6. HP: 33/44 MP: 6/6
  3320 | D:1      | Found a faded altar of an unknown god.
  4098 | D:5      | Reached skill level 5 in Fighting
  4098 | D:5      | Reached XP level 7. HP: 24/50 MP: 7/7
  4099 | D:5      | HP: 2/50 [scorpion (4)]
  4100 | D:5      | Gained mutation: You are weak. (Str -2) [potion of
                  | mutation]
  4100 | D:5      | Gained mutation: One of your tentacles bears a spike.
                  | [potion of mutation]
  4100 | D:5      | Succumbed to a scorpion's poison

Illustrated notes

Levels and vault maps discovered:
D:1:      minmay_arrival_diagonal_passages, layout_loops_corners,
          shapermc_ecumenical_altar_petra
D:2:      layout_loops_corners, basic_altar
D:3:      wad_lake_hut, layout_rooms
D:4:      layout_rooms
D:5:      layout_basic

Skill      XL: |  1  2  3  4  5  6 |
---------------+-------------------+-----
Stealth        | 7 8 |  8.9
Fighting       | 4 5 |  5.1
Dodging        | 3 4 |  4.5
Short Blades   | |  2.0

Action                   |  1- 3 |  4- 6 |  7- 9 || total
-------------------------+-------+-------+-------++-------
Melee: Short sword       |    10 |    29 |       ||    39
       Constrict         |     4 |    26 |       ||    30
       Tentacles         |     4 |    20 |       ||    24
       Great sword       |       |    55 |     2 ||    57
       Punch             |       |     4 |       ||     4
  Use: Scroll            |     1 |     7 |       ||     8
       Potion            |       |       |     1 ||     1
 Stab: Sleeping          |     2 |    19 |       ||    21
Armor: Skin              |     2 |     6 |       ||     8
Dodge: Dodged            |     4 |    55 |       ||    59
